AoeStats
← Azatapower

Runestones

507301182Analyzed
1v1 RM · 14d ago on Sep 17, 2026· 56m 8s· 2 players
Game mode
Random Map
Map size
Tiny (2 player)
Population
200
Speed
Normal
Resources
Standard
Victory
Conquest
Starting age
Dark Age
Ending age
Imperial Age
RankedLock teamsTeams togetherTeam positionsShared explorationLock speedFull tech treeHidden civsTurbo modeCheats
Victory
Defeat
🇧🇷 Armenians · Brazil
1291
+14
🇬🇧 Burgundians · United Kingdom
1253
-14
Azatapower
2:36 Loom
9:22 Feudal Age
9:26 Man-at-Arms
12:06 Scale Mail Armor
16:03 Fletching
18:55 Horse Collar
22:42 Castle Age
21:23 Forging
21:15 Double-Bit Axe
22:11 Padded Archer Armor
21:38 Long Swordsman
22:43 Two-Handed Swordsman
24:01 Elite Skirmisher
24:40 Gambesons
24:42 Arson
27:56 Bow Saw
28:26 Wheelbarrow
27:40 Town Watch
28:22 Chain Mail Armor
28:49 Gold Mining
29:07 Stone Mining
29:16 Pikeman
29:58 Squires
31:51 Hand Cart
33:13 Gold Shaft Mining
34:03 Halberdier
35:20 Iron Casting
34:47 Padded Archer Armor
36:28 Herbal Medicine
36:35 Town Patrol
40:44 Imperial Age
41:47 Fereters
42:03 Conscription
44:16 Blast Furnace
43:46 Plate Mail Armor
43:12 Bodkin Arrow
43:33 Leather Archer Armor
43:20 Champion
48:27 Ring Archer Armor
47:57 Bracer
50:15 Elite Composite Bowman
52:00 Chemistry
51:21 Ballistics
51:51 Heated Shot
52:27 Capped Ram
54:20 Siege Ram
55:32 Heavy Plow
54:55 Elite Composite Bowman
ButtStuff
9:55 Feudal Age
8:12 Loom
9:40 Double-Bit Axe
9:35 Horse Collar
13:24 Arson
13:54 Horse Collar
17:08 Fletching
22:21 Castle Age
20:28 Padded Archer Armor
23:57 Bow Saw
25:52 Two-Man Saw
25:02 Bodkin Arrow
26:46 Scale Barding Armor
26:14 Cavalier
28:00 Husbandry
28:57 Gold Mining
29:25 Heavy Plow
32:18 Forging
33:54 Iron Casting
33:27 Elite Skirmisher
36:03 Wheelbarrow
35:13 Town Watch
36:38 Chain Barding Armor
37:59 Ballistics
39:18 Hand Cart
39:03 Town Patrol
42:51 Imperial Age
44:35 Chemistry
44:28 Plate Barding Armor
43:53 Bracer
44:11 Leather Archer Armor
52:16 Burgundian Vineyards
Connection lost

Rejoining the realm…

Still unreachable

The connection could not be restored.

Session expired

The server has moved on; the page needs a fresh start.